 Dungeon Crawl Stone Soup version 0.18-a0-43-g402c68f (webtiles) character file.

15020 Cookie the Nimble (level 11, -3/72 HPs)
             Began as a Demonspawn Assassin on Nov 6, 2015.
             Was a Believer of Kikubaaqudgha.
             Slain by a titanic slime creature (75 damage)
             ... on level 12 of the Dungeon.
             The game lasted 01:03:26 (12514 turns).

Cookie the Nimble (Demonspawn Assassin)            Turns: 12514, Time: 01:03:26

Health: -3/72      AC: 12    Str: 12    XL:     11   Next: 96%
Magic:  11/11      EV: 19    Int: 12    God:    Kikubaaqudgha [**....]
Gold:   176        SH:  0    Dex: 16    Spells: 1 memorised, 7 levels left

rFire  . . .     SeeInvis .     F - +2 scimitar (slice)
rCold  . . .     Clarity  .     h - +0 troll leather armour
rNeg   + . .     SustAt   .     (no shield)
rPois  .         Gourm    .     (no helmet)
rElec  .         Spirit   .     H - +0 cloak (curse)
rCorr  .         Warding  +     (no gloves)
rMut   .         Stasis   .     (boots unavailable)
MR     .....                    n - amulet of warding
Stlth  ++++++....               O - ring of stealth
                                C - ring of stealth (curse)

@: hasted, very quick, not resistant to hostile enchantments, very stealthy
A: hooves 3, rough black scales 2, spiny 2
a: Receive Corpses, Renounce Religion


You were on level 12 of the Dungeon.
You worshipped Kikubaaqudgha.
Kikubaaqudgha was pleased with you.
You were not hungry.

You visited 2 branches of the dungeon, and saw 13 of its levels.

You collected 617 gold pieces.
You spent 441 gold pieces at shops.

Inventory:

Hand Weapons
 b - a +0 blowgun
 F - a +2 scimitar of slicing (weapon)
 K - a +0 quick blade
 Q - a +1 dagger of pain
Missiles
 e - 79 poisoned needles
 f - 2 curare-tipped needles
Armour
 c - a +0 robe
 d - a +0 cloak
 h - a +0 troll leather armour (worn)
 H - a cursed +0 cloak (worn)
Jewellery
 i - an uncursed ring of protection from cold
 j - a +3 ring of dexterity
 m - a cursed ring of teleportation
 n - an amulet of warding (around neck)
 C - a cursed ring of stealth (left hand)
 O - a ring of stealth (right hand)
 P - an uncursed ring of ice
Wands
 r - a wand of teleportation (5)
 w - a wand of paralysis (2)
 y - a wand of paralysis (5)
 E - a wand of confusion (13)
Scrolls
 k - 4 scrolls of recharging
 p - a scroll of teleportation
 q - a scroll of random uselessness
 t - 5 scrolls of identify
 u - a scroll of noise
 x - 5 scrolls of remove curse
 J - a scroll of amnesia
Potions
 o - 4 potions of curing
 v - 2 potions of ambrosia
 z - 2 potions of brilliance
 A - 3 potions of haste
 B - a potion of berserk rage
 I - 2 potions of cancellation
 L - a potion of might
 S - a potion of heal wounds
 T - a potion of mutation {unknown}
Books
 a - Kikubaaqudgha's Catalogue of Evil Secrets
   (Kikubaaqudgha gifted it to you on level 9 of the Dungeon)

   Spells                             Type                      Level
   a - Animate Skeleton               Necromancy                   1
   b - Corpse Rot                     Necromancy                   2
   c - Sublimation of Blood           Necromancy                   2
   d - Regeneration                   Charms/Necromancy            3
   e - Control Undead                 Necromancy                   4
 G - a book of Necromancy

   Spells                             Type                      Level
   a - Pain                           Necromancy                   1
   b - Animate Skeleton               Necromancy                   1
   c - Vampiric Draining              Necromancy                   3
   d - Regeneration                   Charms/Necromancy            3
   e - Animate Dead                   Necromancy                   4
   f - Control Undead                 Necromancy                   4
 M - a book of Changes

   Spells                             Type                      Level
   a - Beastly Appendage              Transmutation                1
   b - Sticks to Snakes               Transmutation                2
   c - Spider Form                    Transmutation/Poison         3
   d - Ice Form                       Ice/Transmutation            4
   e - Blade Hands                    Transmutation                5
 N - a book of Air

   Spells                             Type                      Level
   a - Shock                          Conjuration/Air              1
   b - Swiftness                      Charms/Air                   2
   c - Repel Missiles                 Charms/Air                   2
   d - Static Discharge               Conjuration/Air              3
   e - Lightning Bolt                 Conjuration/Air              5
Comestibles
 g - 6 bread rations
 l - 11 meat rations
 s - 6 slices of pizza
 D - 2 beef jerkies
 R - 4 fruits


   Skills:
 - Level 2.0 Fighting
 - Level 10.0(11.2) Short Blades
 + Level 8.4(10.5) Long Blades
 - Level 1.7 Throwing
 - Level 11.0 Dodging
 - Level 9.1 Stealth


You had 7 spell levels left.
You knew the following spells:

 Your Spells              Type           Power        Failure   Level  Hunger
a - Regeneration          Chrm/Necr      #.........   95%         3    ####...


Dungeon Overview and Level Annotations

Branches:
Dungeon (12/15)            Temple (1/1) D:5            Lair (0/8) D:11
    Orc (0/4) D:9

Altars:
Ashenzari
Cheibriados
Dithmenos
Elyvilon
Fedhas
Gozag
Kikubaaqudgha
Makhleb
Nemelex Xobeh
Okawaru
Qazlal
Ru
Sif Muna
Trog
Vehumet
Xom
Yredelemnul
Zin
The Shining One

Shops:
D:8 [   D:11 =(=


Innate Abilities, Weirdness & Mutations

You have hooves in place of feet.
You are mostly covered in rough black scales (AC +7, Dex -2).
You are mostly covered in sharp spines.


Message History

A large slime creature splits.
Two slime creatures merge to form a very large slime creature.
Wear which item? (? for menu, Esc to quit)
Okay, then.
Wield which item (- for none, * to show all)? (? for menu, Esc to quit)
F - a +2 scimitar of slicing (weapon)
You hit the slime creature.
The slime creature is moderately wounded.
The slime creature hits you but does no damage.
Two slime creatures merge to form an enormous slime creature.
You slash the enormous slime creature! You kick the enormous slime creature.
The enormous slime creature is lightly wounded.
You slash the enormous slime creature! You kick the enormous slime creature.
The enormous slime creature is moderately wounded.
Two slime creatures merge to form a titanic slime creature.
There is a stone staircase leading up here.
You feel yourself speed up. The titanic slime creature hits you!!!!
Ouch! That really hurt!
You die...
Kikubaaqudgha rasps: "You have failed me!
Welcome... death!"

.≈...#.#...........#
..≈..#.#...........#
.....#.#...........###
.....#J#.............#
.....#.#..#+#.###....#
##...#.#.##.#.###...†#
.+...................#
.#...#.###.##.###....#
.#...#........JJ@....#
...#######.###.##....#
...# #.# #.......#
...# #.# ###.....#
.### #.. ......# .#
... ###....# .. ##+###
.. .


You could see a titanic slime creature and a slime creature.

Vanquished Creatures
  2 hydras
  Fannar (D:10)
  A death yak (D:11)
  An unseen horror (D:10)
  2 hill giants
  An ugly thing (D:11)
  An elephant (D:11)
  A kobold demonologist (D:11)
  2 trolls
  2 two-headed ogres
  10 yaks
  2 wyverns
  A vampire mosquito (D:11)
  A hippogriff (D:8)
  A hungry ghost (D:11)
  4 centaurs
  6 orc warriors
  2 eyes of draining (D:11)
  An ice beast (D:9)
  3 ogres
  2 sky beasts
  6 big kobolds
  3 crocodiles
  9 giant frogs
  3 scorpions
  12 killer bees
  5 wights (D:9)
  3 crimson imps
  A wasp zombie (D:10)
  3 giant frog zombies
  11 hounds
  3 centaur zombies
  A jelly (D:6)
  5 orc priests
  A quasit (D:10)
  2 iguanas
  15 orc wizards
  12 worker ants
  2 sheep (D:10)
  A worker ant zombie (D:8)
  3 gnolls (D:5)
  6 adders
  A shadow imp (D:8)
  An ooze (D:5)
  2 adder skeletons
  6 worms
  5 giant geckos
  39 orcs
  A ball python (D:2)
  6 bats
  3 giant cockroaches
  7 hobgoblins
  6 quokkas
  2 giant cockroach zombies
  3 giant gecko skeletons
  5 giant newts
  9 goblins
  2 jackals (D:4)
  20 kobolds
  A quokka skeleton (D:6)
  4 rats
277 creatures vanquished.

Notes
Turn   | Place    | Note
--------------------------------------------------------------
     0 | D:1      | Cookie the Demonspawn Assassin began the quest for the Orb.
     0 | D:1      | Reached XP level 1. HP: 16/16 MP: 1/1
   232 | D:1      | Gained mutation: You are partially covered in sharp spines. [demonic ancestry]
   232 | D:1      | Reached XP level 2. HP: 20/22 MP: 2/2
   660 | D:2      | Found a stormy altar of Qazlal.
   682 | D:2      | Gained mutation: You have large cloven feet. [demonic ancestry]
   682 | D:2      | Reached XP level 3. HP: 23/27 MP: 3/3
  1218 | D:2      | Reached skill level 4 in Short Blades
  1218 | D:2      | Reached XP level 4. HP: 25/33 MP: 4/4
  1901 | D:4      | Noticed an ogre
  1908 | D:4      | Killed an ogre
  1908 | D:4      | Reached skill level 5 in Short Blades
  1908 | D:4      | Gained mutation: You are partially covered in rough black scales (AC +4, Dex -1). [demonic ancestry]
  1908 | D:4      | Reached XP level 5. HP: 36/38 MP: 5/5
  1942 | D:4      | Found a shattered altar of Ashenzari.
  1946 | D:4      | Saw a vision of the Shoals and the Snake Pit.
  1946 | D:4      | Noticed a centaur
  1946 | D:4      | Noticed a merfolk
  1946 | D:4      | Noticed an anaconda
  1946 | D:4      | Noticed a mana viper
  1946 | D:4      | Noticed a siren
  1946 | D:4      | Noticed a naga warrior
  1946 | D:4      | Noticed a guardian serpent
  1946 | D:4      | Noticed a black mamba
  1946 | D:4      | Noticed a naga
  1946 | D:4      | Noticed a hippogriff
  1947 | D:4      | Noticed a naga
  1951 | D:4      | Noticed a salamander
  1951 | D:4      | Noticed a naga
  1952 | D:4      | Noticed a naga
  2198 | D:4      | Reached XP level 6. HP: 44/44 MP: 6/6
  2332 | D:4      | Reached skill level 6 in Short Blades
  2648 | D:5      | Entered Level 5 of the Dungeon
  3010 | D:5      | Found a staircase to the Ecumenical Temple.
  3024 | Temple   | Entered the Ecumenical Temple
  3484 | D:5      | Reached skill level 7 in Short Blades
  3496 | D:5      | Gained mutation: You are mostly covered in sharp spines. [demonic ancestry]
  3496 | D:5      | Reached XP level 7. HP: 29/50 MP: 7/7
  4675 | D:6      | Reached skill level 1 in Dodging
  4693 | D:6      | Reached skill level 8 in Short Blades
  5213 | D:6      | Reached skill level 11 in Dodging
  5213 | D:6      | Gained mutation: You are mostly covered in rough black scales (AC +7, Dex -2). [demonic ancestry]
  5213 | D:6      | Reached XP level 8. HP: 56/56 MP: 8/8
  5832 | D:6      | Gained mutation: You have hoof-like feet. [demonic ancestry]
  5832 | D:6      | Reached XP level 9. HP: 61/61 MP: 9/9
  6055 | D:7      | Found a radiant altar of Vehumet.
  6911 | D:8      | Noticed a hill giant
  6941 | D:8      | Killed a hill giant
  7068 | D:8      | Found a snail-covered altar of Cheibriados.
  7163 | D:8      | Found Aficsaxe's Antique Armour Boutique.
  7166 | D:8      | Bought an embroidered cloak for 126 gold pieces
  7258 | D:8      | Reached skill level 10 in Short Blades
  7551 | D:8      | Found an ancient bone altar of Kikubaaqudgha.
  7558 | D:8      | Found a burning altar of Makhleb.
  7677 | D:8      | Became a worshipper of Kikubaaqudgha
  7757 | D:9      | Found a shimmering altar of Xom.
  7757 | D:9      | Found a sacrificial altar of Ru.
  7762 | D:9      | Found a shadowy altar of Dithmenos.
  7776 | D:9      | Found a staircase to the Orcish Mines.
  7822 | D:9      | Reached XP level 10. HP: 9/67 MP: 10/10
  8036 | D:9      | Reached skill level 5 in Stealth
  9188 | D:9      | Reached * piety under Kikubaaqudgha
  9188 | D:9      | Received a gift from Kikubaaqudgha
  9189 | D:9      | Identified Kikubaaqudgha's Catalogue of Evil Secrets (Kikubaaqudgha gifted it to you on level 9 of the Dungeon)
  9324 | D:9      | Found a white marble altar of Elyvilon.
  9478 | D:10     | Entered Level 10 of the Dungeon
  9775 | D:10     | Killed an unseen horror
  9969 | D:10     | Reached ** piety under Kikubaaqudgha
 10058 | D:10     | Noticed Fannar
 10178 | D:10     | Gained mutation: You have hooves in place of feet. [demonic ancestry]
 10178 | D:10     | Reached XP level 11. HP: 72/72 MP: 11/11
 10647 | D:10     | Killed Fannar
 10837 | D:10     | Noticed a two-headed hydra
 10850 | D:10     | Killed a two-headed hydra
 11151 | D:11     | Noticed a death yak
 11152 | D:11     | Found a staircase to the Lair.
 11166 | D:11     | Reached skill level 5 in Long Blades
 11181 | D:11     | Killed a death yak
 11271 | D:11     | Found Ugyeruz's Antique Weapon Boutique.
 11282 | D:11     | Noticed a hill giant
 11289 | D:11     | Killed a hill giant
 11315 | D:11     | Learned a level 3 spell: Regeneration
 11666 | D:11     | Found Xoshra's Jewellery Boutique.
 11674 | D:11     | Bought an uncursed ring of stealth for 315 gold pieces
 12016 | D:11     | Found Fanimium's Jewellery Boutique.
 12409 | D:12     | Noticed a four-headed hydra
 12414 | D:12     | Killed a four-headed hydra
 12433 | D:12     | Found a snail-covered altar of Cheibriados.
 12514 | D:12     | Slain by a titanic slime creature

Vault maps used:
D:1:      lightli_arrival_boilingwater
D:2:      grunt_qazlal_sundering
D:3:      serial_undead, serial_undead_e, serial_undead_e, serial_undead_e,
          serial_undead_f, serial_undead_f, serial_undead_a
D:4:      hex_intersection, grunt_ashenzari_visionary
D:5:      minmay_temple_entry_mist, first_bread
D:7:      lemuel_doored_altar
D:8:      slow_altar_1, amethyst_overflow_temple_binary, serial_shops,
          kennysheep_mini_moat
D:9:      kennysheep_little_box, grunt_temple_overflow_open, david_orc_3,
          kennysheep_generic_room_9
D:10:     hangedman_ranch, uniq_fannar
D:11:     david_lair_generic, serial_shops, shop, nicolae_shop_crystal,
          nicolae_shop_waterfront
D:12:     basic_altar, minmay_misc_feat_rows, cheibriados_altar_1
Temple:   roderic_octagonal_lattice_temple

Action                   |  1- 3 |  4- 6 |  7- 9 | 10-12 || total
-------------------------+-------+-------+-------+-------++-------
Melee: Short sword       |    51 |   127 |   118 |     2 ||   298
       Dagger            |     9 |       |       |       ||     9
       Blowgun           |       |       |     1 |       ||     1
       Quick blade       |       |       |    55 |   817 ||   872
       Falchion          |       |       |       |    16 ||    16
       Scimitar          |       |       |       |    14 ||    14
 Fire: Blowgun           |       |       |    87 |    62 ||   149
Evoke: Wand              |       |       |       |     1 ||     1
  Use: Potion            |     2 |     1 |     4 |     8 ||    15
       Scroll            |       |     5 |     4 |     7 ||    16
 Stab: Sleeping          |    10 |    10 |    15 |    13 ||    48
       Distracted        |       |       |     1 |     4 ||     5
  Eat: Chunk             |       |     8 |     3 |     9 ||    20
       Fruit             |       |       |     3 |    11 ||    14
       Beef jerky        |       |       |     1 |     1 ||     2
       Bread ration      |       |       |     1 |       ||     1
       Pizza             |       |       |     1 |       ||     1
